Get step-by-step instructions on how to execute this build order below. Start the game timer, and the build order will tick by so you can play in parallel with StarCraft on a second screen or mobile device.

Game Time

  0:00

Last Step

  N/A

Next Step

Upcoming Step



Don't want to look back and forth between 2 screens? Try out our Overwolf App, the Spawning Tool Build Advisor to get an in-game overlay with this build!

Complete Build Order

  12  0:00  Probe  
  13  0:12  Probe  
  14  0:17  Pylon  
  14  0:24  Probe  
  15  0:36  Probe (Chrono Boost)  
  15  0:38  Gateway  
  16  0:47  Assimilator  
  16  0:48  Probe (Chrono Boost)  
  17  0:52  Probe (Chrono Boost)  
  18  1:03  Probe  
  19  1:15  Probe  
  20  1:26  Cybernetics Core  
  20  1:31  Nexus  
  20  1:36  Probe  
  21  1:42  Pylon  
  21  1:48  Probe  
  21  1:49  Assimilator  
  22  1:59  Adept (Chrono Boost)  
  22  2:00  Probe  
  24  2:12  Probe  
  25  2:22  Stargate  
  25  2:24  Probe  
  26  2:30  Stalker  
  29  2:38  Shield Battery, Probe (Chrono Boost)  
  29  2:39  Warp Gate  
  29  2:43  Probe (Chrono Boost)  
  30  2:47  Shield Battery  
  31  2:54  Probe x2 (Chrono Boost)  
  32  2:59  Probe (Chrono Boost)  
  32  3:02  Probe  
  32  3:05  Phoenix (Chrono Boost)  
  34  3:11  Probe  
  37  3:14  Probe  
  38  3:21  Phoenix (Chrono Boost)  
  38  3:23  Probe  
  38  3:26  Pylon  
  41  3:27  Probe  
  42  3:37  Probe  
  42  3:40  Phoenix (Chrono Boost), Probe  
  46  3:47  Gateway  
  46  3:49  Probe  
  47  3:57  Robotics Facility  
  47  3:59  Probe  
  47  4:02  Probe  
  49  4:03  Assimilator  
  49  4:05  Pylon  
  49  4:11  Probe  
  49  4:14  Phoenix  
  48  4:23  Probe x2  
  49  4:29  Stalker  
  51  4:35  Probe  
  50  4:41  Probe  
  50  4:45  Stalker  
  53  4:52  Probe  
  52  4:55  Stalker  
  52  4:56  Probe  
  52  4:58  Assimilator  
  55  5:00  Nexus, Immortal (Chrono Boost)  
  55  5:03  Shield Battery  
  55  5:05  Probe  
  60  5:13  Probe  
  61  5:17  Probe  
  61  5:18  Robotics Bay, Pylon  
  61  5:20  Pylon  
  62  5:27  Pylon  
  62  5:36  Probe x2  
  62  5:37  Phoenix  
  62  5:40  Observer  
  67  5:43  Sentry  
  67  5:44  Zealot  
  67  5:48  Probe x2  
  73  5:50  Shield Battery  
  73  5:51  Gateway  
  73  6:00  Probe x2  
  73  6:04  Colossus (Chrono Boost)  
  75  6:11  Stalker  
  83  6:13  Probe x2  
  83  6:15  Stalker  
  83  6:18  Probe  
  88  6:23  Pylon  
  88  6:25  Phoenix, Probe x2  
  92  6:27  Shield Battery  
  92  6:30  Probe  
  93  6:37  Forge, Probe x2  
  93  6:39  Twilight Council  
  95  6:42  Probe  
  95  6:44  Pylon  
  96  6:48  Zealot x3  
  96  6:49  Probe x2  
  96  6:53  Colossus (Chrono Boost)  
  103  7:01  Pylon  
  109  7:03  Protoss Ground Weapons Level 1 (Chrono Boost), Pylon  
  109  7:05  Phoenix  
  109  7:07  Probe  
  112  7:09  Assimilator  
  112  7:13  Assimilator  
  112  7:14  Charge (Chrono Boost)  
  112  7:16  Extended Thermal Lance  
  112  7:21  Gateway  
  112  7:25  Gateway  
  112  7:36  Zealot x2, Gateway  
  116  7:38  Gateway  
  116  7:39  Pylon  
  116  7:42  Colossus (Chrono Boost)  
  120  7:47  Probe  
  121  7:52  Phoenix  
  121  7:53  Pylon  
  122  7:59  Probe  
  122  8:03  Zealot x3  
  128  8:06  Probe x2, Photon Cannon  
  128  8:10  Templar Archives  
  130  8:16  Zealot, Pylon  
  132  8:21  Gateway  
  132  8:31  Zealot x2, Sentry  
  132  8:32  Zealot  
  132  8:33  Immortal (Chrono Boost)  
  144  8:40  Pylon  
  144  8:44  Nexus  
  144  8:48  Pylon  
  144  8:51  Forge  
  144  8:52  High Templar x2  
  148  8:55  Protoss Ground Weapons Level 2 (Chrono Boost)  
  148  8:56  Archon  
  148  9:02  Shield Battery  
  148  9:05  Immortal (Chrono Boost)  
  152  9:10  Probe  
  152  9:11  Probe  
  152  9:13  Zealot  
  152  9:15  Probe  
  154  9:19  Photon Cannon  
  154  9:21  High Templar  
  154  9:22  High Templar  
  154  9:23  Protoss Ground Armor Level 1 (Chrono Boost)  
  158  9:25  Probe x2  
  158  9:26  Photon Cannon  
  158  9:28  Archon  
  160  9:40  Warp Prism (Chrono Boost)  
  160  9:44  Probe x2  
  163  9:50  High Templar x2  
  163  9:52  Robotics Facility  
  167  9:54  Archon  
  167  9:59  Probe x2  
  169  10:06  Zealot x4, Immortal (Chrono Boost)  
  179  10:13  Shield Battery  
  179  10:16  Blink  
  179  10:18  Zealot x2  
  183  10:34  Pylon  
  183  10:41  Disruptor  
  183  10:42  Nexus  
  187  10:43  Pylon  
  185  10:50  Stalker  
  185  10:52  Disruptor  
  191  10:59  Stalker x2  
  191  11:01  Protoss Ground Weapons Level 3 (Chrono Boost)  
  191  11:02  Pylon  
  195  11:14  Photon Cannon  
  195  11:15  Photon Cannon  
  195  11:17  Protoss Ground Armor Level 2 (Chrono Boost), Photon Cannon  
  195  11:24  Disruptor (Chrono Boost)  
  198  11:31  Gateway  
  198  11:33  Gateway  
  198  11:37  Gateway  
  198  11:39  Gateway  
  184  11:41  Zealot x8  
  194  11:47  Gateway  
  194  11:49  Gateway  
  194  11:51  Gateway  
  188  11:54  Gateway  
  188  11:55  Disruptor (Chrono Boost)  
  188  11:57  Disruptor (Chrono Boost)  
  196  12:13  Fleet Beacon, Probe  
  196  12:14  Probe x3  
  196  12:15  Probe  
  197  12:16  Stargate  
  197  12:20  Stalker x3, Observer (Chrono Boost)  
  200  12:23  Shield Battery  
  200  12:24  Shield Battery  
  200  12:27  Pylon  
  200  12:36  Photon Cannon  
  200  12:38  Photon Cannon  
  200  12:41  Photon Cannon  
  200  12:43  Photon Cannon  
  200  12:50  Dark Shrine  
  196  13:05  Protoss Air Weapons Level 1 (Chrono Boost)  
  196  13:06  Photon Cannon  
  196  13:09  Photon Cannon  
  196  13:11  Observer x2, Photon Cannon  
  196  13:28  Gateway  
  196  13:30  Gateway  
  196  13:32  Zealot x2, Gateway  
  196  13:33  Zealot  
  198  13:37  Zealot x9  
  198  13:40  Colossus x2  
  174  13:44  Protoss Ground Armor Level 3 (Chrono Boost), Protoss Shields Level 1 (Chrono Boost)  
  174  13:46  Zealot x4  
  166  13:49  Probe  
  173  13:58  Stalker x5  
  173  14:02  Mothership  
  183  14:06  Nexus  
  183  14:15  Zealot x9  
  200  14:18  Shadow Stride  
  200  14:25  Dark Templar  
  200  14:31  Dark Templar x2  
  199  14:32  Phoenix (Chrono Boost)  
  191  14:55  Tempest  
  190  15:03  Tempest  
  187  15:08  Stalker x3  
  187  15:11  Zealot x4  
  176  15:21  Zealot x6  
  176  15:22  Zealot x3  
  153  15:41  Stalker x2  
  153  15:42  Stalker x5  
  131  15:48  Observer  
  131  15:49  Zealot  
  129  15:50  Zealot x9  
  129  15:52  Probe x2  
  129  15:56  Protoss Shields Level 2 (Chrono Boost)  
  145  16:09  Disruptor  
  149  16:12  Assimilator, Probe x3  
  149  16:13  Probe x3  
  149  16:16  Assimilator  
  155  16:19  Zealot x5  
  160  16:33  Tempest  
  160  16:37  Zealot x5  
  175  16:52  Dark Templar  
  177  16:58  Tempest  
  182  17:07  Stalker x4, Zealot  
  182  17:08  Nexus  
  192  17:10  Shield Battery  
  192  17:21  Zealot  
  192  17:22  Zealot x5  
  190  17:44  Zealot x10  
  158  18:05  Zealot x2  
  158  18:06  Zealot x8  
  158  18:10  Zealot x2  
  169  18:16  Stalker  
  167  18:22  Stalker x2  
  167  18:25  Probe  
  170  18:34  Tempest  
  170  18:35  Disruptor (Chrono Boost)  
  181  18:42  Disruptor (Chrono Boost)  
  181  18:46  Dark Templar  
  183  18:49  Protoss Shields Level 3  
  183  19:00  Stalker x3  
  183  19:01  Disruptor (Chrono Boost)  
  192  19:17  Probe  
  192  19:18  Probe x3  
  192  19:23  Disruptor  
  196  19:44  Assimilator, Nexus  
  196  19:46  Assimilator  
  196  19:51  Dark Templar x3  
  195  20:06  Pylon  
  193  20:10  Dark Templar x2  
  193  20:11  Dark Templar  
  199  20:18  Nexus  
  200  20:22  Observer (Chrono Boost)  
  200  20:26  Pylon  
  200  20:32  Protoss Air Weapons Level 2 (Chrono Boost)  
  200  20:47  Photon Cannon  
  200  20:48  Photon Cannon  
  200  20:50  Photon Cannon  
  200  20:52  Shield Battery  
  196  21:04  Stalker x2  
  200  21:29  Stalker  
  200  21:31  Nexus  
  200  21:39  Stalker x2  
  197  22:01  Nexus  
  197  22:07  Pylon  
  197  22:14  Assimilator  
  196  22:16  Assimilator  
  192  22:26  Zealot x2  
  192  22:27  Zealot x2  
  193  23:13  Probe x3  
  193  23:17  Assimilator  
  196  23:22  Nexus  
  166  23:27  Disruptor x2  
  166  23:33  Stalker x5  
  166  23:34  Stalker x13  
  175  23:42  Stalker  
  165  23:56  Pylon  
  165  23:58  Zealot  
  165  23:59  Zealot x7  
  165  24:00  Zealot  
  183  24:03  Disruptor x2  
  191  24:12  Stalker x3  
  191  24:13  Zealot  
  191  24:29  Tempest x2  
  149  24:40  Dark Templar x5  
  149  24:47  Dark Templar x2  
  149  25:01  Shield Battery  
  149  25:04  Stalker x5  
  153  25:12  Observer (Chrono Boost)  
  155  25:17  Observer (Chrono Boost)  
  155  25:21  Colossus (Chrono Boost)  
  159  25:29  Colossus  
  159  25:30  High Templar x5  
  174  25:36  Archon  
  174  25:37  Archon, High Templar  
  174  25:44  Probe  
  174  26:01  Stalker x4  
  170  26:15  Zealot x2